Map: 2000 Atmospheres LE

Players

Serral - Winner!

  • Race: Zerg Zerg

Dark

  • Race: Zerg Zerg

Event: IEM Katowice 2022

VOD

Have the link to the VOD?

Description

Time

  • Played on: Feb. 24, 2022, 11:03 a.m.
  • Length: 2:59

All games in this series

Show
View Real Time Build Order
Export as new Build Order

Serral Zerg - Winner!

Build Orders: Hatch First 

Get SALT Encoding   

  12  0:00  Drone  
  13  0:12  Overlord  
  13  0:16  Drone  
  14  0:30  Drone x2  
  16  0:46  Hatchery  
  15  0:50  Drone  
  15  0:54  Drone  
  17  0:57  Drone  
  18  1:07  Extractor  
  17  1:12  Spawning Pool  
  17  1:15  Drone  
  17  1:18  Drone  
  18  1:27  Drone  
  19  1:38  Drone  
  20  1:59  Queen  
  20  2:00  Zergling x6  
  27  2:09  Zergling x2  
  27  2:12  Zergling x2  
  27  2:23  Zergling x2  
  27  2:24  Zergling x2  
  26  2:33  Zergling x4  
Show
View Real Time Build Order
Export as new Build Order

Dark Zerg 

Build Orders: Pool Only 

Get SALT Encoding   

  12  0:18  Spawning Pool  
  11  0:22  Drone  
  11  0:27  Drone  
  13  0:31  Drone  
  14  0:40  Overlord  
  14  1:05  Zergling x6  
  17  1:17  Zergling x2  
  18  1:26  Zergling x2  
  19  1:38  Zergling x2  
  20  1:50  Zergling x2  
  21  1:57  Spine Crawler  
  20  2:03  Spine Crawler  
  20  2:04  Spine Crawler  
  18  2:10  Spine Crawler  
  12  2:32  Zergling x4  

Tags
 
Add a new tag
Caveats
  • Supply blocks, unpowered buildings, or Contaminate may cause inaccurate times.
  • Supply counts are checked every 10 seconds.